 Dungeon Crawl Stone Soup version 0.26.0-15-gc6cd9f700b (webtiles) character file.

Game seed: 13311082806508837264

302 runemasterragnar the Shield-Bearer (level 6, -11/49 HPs)
             Began as a Formicid Fighter on Jan 16, 2021.
             Killed by nerve-wracking pain
             ... invoked by an orc priest
              (14 damage)
             ... on level 4 of the Dungeon.
             The game lasted 00:01:55 (1484 turns).

runemasterragnar the Shield-Bearer (FoFi)           Turns: 1484, Time: 00:01:55

Health: -11/49     AC:  7    Str: 22    XL:     6   Next: 65%
Magic:  6/6        EV:  9    Int:  8    God:
Gold:   66         SH: 10    Dex: 10    Spells: 5/5 levels left

rFire    . . .     SeeInvis +   a - +0 war axe
rCold    . . .     Faith    .   c - +0 kite shield
rNeg     . . .     Spirit   .   b - +0 scale mail
rPois    .         Reflect  .   (helmet unavailable)
rElec    .         Harm     .   (no cloak)
rCorr    .         Rampage  .   (no gloves)
Will     .....                  (no boots)
Stlth    ..........             (no amulet)
HPRegen  0.16/turn              (no ring)
MPRegen  0.10/turn              (no ring)

@: mighty
A: permanent stasis, dig shafts and tunnels, four strong arms, antennae 3
a: Dig, Shaft Self


You were on level 4 of the Dungeon.
You visited 1 branch of the dungeon, and saw 4 of its levels.

You collected 66 gold pieces.

Inventory:

Hand Weapons
 a - a +0 war axe (weapon)
Armour
 b - a +0 scale mail (worn)
 c - a +0 kite shield (worn)
Jewellery
 e - a +6 ring of dexterity {unknown}
 k - an uncursed amulet of regeneration {unknown}
Scrolls
 f - a scroll of identify {unknown}
 h - a scroll of fear {unknown}
 i - 3 scrolls of remove curse {unknown}
 j - a scroll of blinking {unknown}


   Skills:
 + Level 4.3 Fighting
 * Level 4.1 Axes
 + Level 4.1 Armour
 + Level 2.0 Dodging
 + Level 4.7 Shields


You had 5 spell levels left.
You didn't know any spells.
Your spell library was empty.

Dungeon Overview and Level Annotations

Branches:
Dungeon (4/15)
 Temple: D:4-7

Altars:


Innate Abilities, Weirdness & Mutations

You cannot be hasted, slowed, berserked, paralysed or teleported.
You can dig through walls and to a lower floor.
Your four strong arms can wield two-handed weapons with a shield.
You have a pair of large antennae on your head. (SInv)


Message History

* * * LOW HITPOINT WARNING * * *
An orc comes into view. It is wielding a +0 trident.
The orc shouts!
Things that are here:
a +0 war axe; a +0 leather armour You hit the orc priest.
The orc priest is lightly wounded.
The orc priest barely misses you.
The orc priest mumbles some strange prayers to Beogh against you.
Pain shoots through your body!
* * * LOW HITPOINT WARNING * * *
You hit the orc priest.
The orc priest is moderately wounded.
You block the orc priest's attack.
Unknown command.
You barely miss the orc priest.
The orc priest is moderately wounded.
The orc priest invokes the aid of Beogh against you.
Pain shoots through your body!
You die...

##...................[...#.......
##.##.######.......#..##..# #.
##.##)# ####.#...#.####.######.
......# #............##........
......# #.##.#)#########..####.
##.##.# #.##.#.# #..# #. #.##.#
#.##.#.# #..# #. #.##.#
#.##.#)####### ##.####.
##.##.#####.##).@o.o.... (......
#...........############ #.#####
#.###.####### ... .. #.# #.#
....... #.# #.# ..### #.# #.# .
.. #.# #.######### ### #.#
#........<# #.# #.#######.#


You could see an orc priest (invisible) and an orc.

Vanquished Creatures
  An ogre (D:4)
  A scorpion (D:4)
  A howler monkey (D:4)
  A centaur skeleton (D:4)
  6 adders
  An ooze (D:2)
  2 dart slugs (D:1)
  2 leopard geckos
  7 orcs (D:4)
  2 bats (D:2)
  A giant cockroach (D:3)
  5 hobgoblins
  2 jackals (D:2)
  2 kobolds
  A quokka (D:4)
  A goblin (D:2)
  3 rats
39 creatures vanquished.

Notes
Turn   | Place    | Note
-------+----------+-------------------------------------------
     0 | D:1      | runemasterragnar the Formicid Fighter began the quest for
                  | the Orb.
     0 | D:1      | Reached XP level 1. HP: 18/18 MP: 1/1
    47 | D:1      | Reached XP level 2. HP: 24/24 MP: 2/2
   235 | D:2      | Reached XP level 3. HP: 24/29 MP: 3/3
   341 | D:2      | Found a faded altar of an unknown god.
   353 | D:2      | Reached XP level 4. HP: 32/37 MP: 4/4
   578 | D:3      | Reached skill level 1 in Dodging
   729 | D:4      | Reached XP level 5. HP: 18/42 MP: 5/5
  1082 | D:4      | Noticed an ogre
  1090 | D:4      | Killed an ogre
  1091 | D:4      | Reached XP level 6. HP: 25/48 MP: 6/6
  1482 | D:4      | HP: 2/49 [orc priest/nerve-wracking pain (10)]
  1484 | D:4      | Killed from afar by an orc priest

Illustrated notes

Levels and vault maps discovered:
D:1:      mrwooster_arrival_statue_3, layout_rooms, st_stairs_3,
          hangedman_decor_points, lemuel_another_geyser
D:2:      layout_loops_ring, chequers_ecumenical_altar_island,
          grunt_dithmenos_smoke_and_mirrors
D:3:      layout_rooms, amethyst_overflow_temple_binary,
          makhleb_altar_promises_db
D:4:      layout_basic

Skill      XL: |  1  2  3  4  5  6 |
---------------+-------------------+-----
Shields        | 4 |  4.7
Axes           | 3 4 |  4.1
Dodging        | 1 2 |  2.0
Fighting       | 4 |  4.3
Armour         | 4 |  4.1

Action                   |  1- 3 |  4- 6 || total
-------------------------+-------+-------++-------
Melee: War axe           |    54 |    81 ||   135
  Use: Potion            |       |     4 ||     4
Armor: Scale mail        |    24 |    21 ||    45
       Skin              |       |     8 ||     8
Dodge: Dodged            |    20 |    24 ||    44
Block: Kite shield       |    28 |    43 ||    71
